 Dungeon Crawl Stone Soup version 0.30-a0-253-g6b895097cc (webtiles) character file.

Game seed: 1028174385611774519

553 Malachi the Cudgeller (level 7, -3/59 HPs)
             Began as an Armataur Fighter on Oct 13, 2022.
             Was an Initiate of the Shining One.
             Slain by an orc
             ... wielding a +0 short sword
              (4 damage)
             ... on level 5 of the Dungeon.
             The game lasted 00:06:10 (4570 turns).

Malachi the Cudgeller (Armataur Fighter)            Turns: 4570, Time: 00:06:10

Health: -3/59      AC:  7    Str: 23    XL:     7   Next: 8%
Magic:  7/7        EV:  8    Int:  9    God:    the Shining One [......]
Gold:   261        SH:  4    Dex:  9    Spells: 6/6 levels left

rFire   . . .      SeeInvis .    a - +0 flail
rCold   + . .      Faith    .    c - +0 buckler
rNeg    . . .      Spirit   .    f - +1 ring mail {rC+}
rPois   .          Reflect  .    (no helmet)
rElec   .          Harm     .    (no cloak)
rCorr   .          Roll     +    (no gloves)
Will    .....                    (no barding)
Stlth   ..........               (no amulet)
HPRegen 0.29/turn                (no ring)
MPRegen 0.10/turn                (no ring)

@: lethally poisoned (-3 -> -4), flying, hasted, glowing, very quick
A: large, rugged brown scales 3, deformed body, armoured tail, roll, long
tongue, awkward tongue
a: Renounce Religion


You were on level 5 of the Dungeon.
You worshipped the Shining One.
The Shining One was noncommittal.
You visited 2 branches of the dungeon, and saw 6 of its levels.
You also visited: Sewer.

You collected 261 gold pieces.

Inventory:

Hand Weapons
 a - a +0 flail (weapon)
Missiles
 n - 3 curare-tipped darts (quivered)
Armour
 c - a +0 buckler (worn)
 f - a +1 ring mail of cold resistance (worn)
Jewellery
 j - a ring of magical power
Wands
 q - a wand of charming (11)
Scrolls
 d - a scroll of enchant armour
 e - a scroll of fear
 g - 6 scrolls of identify
 h - 2 scrolls of magic mapping
 m - 2 scrolls of teleportation
 o - a scroll of fog {unknown}
 r - 3 scrolls of vulnerability {unknown}
 s - a scroll of amnesia {unknown}
 t - a scroll of poison
Potions
 b - a potion of magic
 i - 2 potions of haste
 l - 2 potions of mutation {unknown}
 p - 3 potions of heal wounds {unknown}


   Skills:
 - Level 2.6 Fighting
 + Level 7.1 Maces & Flails
 - Level 3.6 Armour
 - Level 3.2 Shields


You had 6 spell levels left.
You didn't know any spells.
Your spell library contained the following spells:

 Spells                   Type           Power      Damage    Failure   Level
 Beastly Appendage        Tmut           0%         N/A       61%         1
 Wereblood                Tmut           0%         N/A       75%         2
 Spider Form              Tmut/Pois      0%         N/A       93%         3


Dungeon Overview and Level Annotations

Branches:
Dungeon (5/15)             Temple (1/1) D:4           Sewer (visited)

Altars:
Ashenzari
Cheibriados
Dithmenos
Elyvilon
Gozag
Makhleb
Nemelex Xobeh
Qazlal
Ru
Sif Muna
Wu Jian
Xom
Zin
The Shining One

Shops:
D:2 [


Innate Abilities, Weirdness & Mutations

You are completely covered in rugged brown scales. (AC +3, +7% HP)
Armour fits poorly on your strangely shaped body.
You have a long armoured tail.
You roll when moving toward enemies. (Rampage)
Your long tongue fully drains potion bottles. (2x potion effects)
Your tongue gives you trouble enunciating. (1.5x scroll delay)


Message History

You sock the scorpion!
The scorpion is almost dead.
You feel sick. The scorpion closely misses you.
The orc hits you with a +0 hand axe.
The orc priest looks braver for a moment.
The black bear completely misses you. The black bear claws you.
The black bear barely misses you. The scorpion closely misses you.
You hit the scorpion but do no damage.
The scorpion is almost dead.
You feel sick. The orc hits you with a +0 hand axe. The orc barely misses you.
The orc priest mumbles some strange prayers to Beogh against you.
Beogh smites you!
The black bear bites you but does no damage.
The black bear barely misses you. The black bear completely misses you.
The scorpion stings you but does no damage.
The orc attacks as you move away! The orc hits you with a +0 hand axe.
* * * LOW HITPOINT WARNING * * *
The orc attacks as you move away! The orc hits you but does no damage.
You feel sick.
The orc priest mumbles some strange prayers to Beogh against you.
Beogh smites you!
* * * LOW HITPOINT WARNING * * *
The black bear closely misses you. The black bear barely misses you.
The black bear claws you.
* * * LOW HITPOINT WARNING * * *
It was a potion of haste.
You feel yourself speed up.
* * * LOW HITPOINT WARNING * * *
You feel sick. The scorpion closely misses you.
The orc hits you with a +0 hand axe. The Shining One protects you from harm!
You block the orc's attack.
The orc priest begins to cast a cantrip, but forgets the words!
The black bear bites you but does no damage.
The black bear closely misses you. You block the black bear's attack.
It was a potion of flight.
You feel very buoyant.
You fly up into the air.
The scorpion stings you. The Shining One protects you from harm!
The orc hits you with a +0 short sword.
You die...

...#
..#########...
.............
............
............
#....... ..
#.<...#
....##..o.<###..#
.......@hS........
.......so........o
....##...o........
... #...##.####.#
. #.?.# +# # +....
#.... #?....
#.....


You could see a black bear, a scorpion, an orc priest, an adder and 2 orcs.

Vanquished Creatures
  A bullfrog (Sewer)
  A howler monkey (D:4)
  2 orc priests (D:4)
  An iguana (D:4)
  An orc wizard (D:4)
  Natasha (twice) (D:3)
  A gnoll (D:1)
  3 river rats (Sewer)
  11 adders
  A white imp (D:3)
  An ufetubus (D:4)
  2 worms (D:2)
  5 dart slugs
  5 orcs
  3 bats
  10 endoplasms
  6 giant cockroaches
  11 goblins
  13 hobgoblins
  7 quokkas
  17 ball pythons
  3 frilled lizards
  5 kobolds
  31 rats
143 creatures vanquished.

Notes
Turn   | Place    | Note
-------+----------+-------------------------------------------
     0 | D:1      | Malachi the Armataur Fighter began the quest for the Orb.
     0 | D:1      | Reached XP level 1. HP: 19/19 MP: 1/1
    56 | D:1      | Reached skill level 2 in Maces & Flails
   116 | D:1      | Reached XP level 2. HP: 26/26 MP: 2/2
   141 | D:1      | Reached skill level 3 in Maces & Flails
   239 | D:1      | Reached XP level 3. HP: 32/32 MP: 3/3
   795 | D:2      | Found Kupoaq's Antique Armour Boutique.
  1176 | D:2      | Reached XP level 4. HP: 39/39 MP: 4/4
  1178 | D:2      | Reached skill level 4 in Maces & Flails
  1408 | D:3      | Found a glowing drain.
  1477 | Sewer    | Entered a sewer
  1780 | Sewer    | Reached XP level 5. HP: 30/44 MP: 5/5
  1995 | Sewer    | Reached skill level 5 in Maces & Flails
  2323 | Sewer    | Reached XP level 6. HP: 53/53 MP: 6/6
  2538 | D:3      | Reached skill level 6 in Maces & Flails
  2854 | D:3      | Noticed Natasha
  2859 | D:3      | Killed Natasha
  3392 | D:3      | Noticed Natasha
  3395 | D:3      | Killed Natasha
  3828 | D:4      | Reached skill level 7 in Maces & Flails
  3828 | D:4      | Reached XP level 7. HP: 37/59 MP: 7/7
  4117 | D:4      | Found a staircase to the Ecumenical Temple.
  4135 | Temple   | Entered the Ecumenical Temple
  4263 | Temple   | Became a worshipper of the Shining One
  4558 | D:5      | Entered Level 5 of the Dungeon
  4568 | D:5      | HP: 2/59 [black bear (1)]
  4569 | D:5      | The Shining One protects you from harm!
  4570 | D:5      | The Shining One protects you from harm!
  4570 | D:5      | Slain by an orc

Illustrated notes

Levels and vault maps discovered:
D:1:      psy_arrival_terrarium, layout_basic, chequers_serial_rivers_micro_c
D:2:      layout_rooms, serial_shops, nicolae_shop_overgrown_old_shop
D:3:      kennysheep_six_static_rooms, layout_basic, portal_sewer_entry_f,
          uniq_natasha
D:4:      layout_gridville, minmay_temple_entry_drinking_statues
D:5:      kennysheep_steamy, layout_gridville, serial_shops,
          kennysheep_little_box
Temple:   nicolae_temple_two_arcs

Skill      XL: |  1  2  3  4  5  6 |
---------------+-------------------+-----
Maces & Flails | 2 3 4 5 7 |  7.1
Fighting       | |  2.6
Armour         | |  3.6
Shields        | |  3.2

Action                   |  1- 3 |  4- 6 |  7- 9 || total
-------------------------+-------+-------+-------++-------
Melee: Flail             |   101 |   268 |    27 ||   396
       Tailslap          |     9 |    27 |     4 ||    40
  Use: Potion            |     2 |     3 |     2 ||     7
       Scroll            |       |     7 |       ||     7
Armor: Scale mail        |    11 |       |       ||    11
       Ring mail         |    24 |   140 |    13 ||   177
Dodge: Dodged            |    31 |   120 |    20 ||   171
Block: Buckler           |    12 |    52 |    12 ||    76

Table legend: (Time is in decaauts)
 A = Elapsed time spent in this place.
 B = Non-inter-level travel time spent in this place.
 C = Inter-level travel time spent in this place.
 D = Time resting spent in this place.
 E = Time spent auto-exploring this place.
 F = Levels seen in this place.
 G = Mean time per level.
                   A        B        C        D        E       F      G
               +--------+--------+--------+--------+--------+-----+--------+
         Total |   4698 |   4585 |    113 |    915 |   2661 |   7 |  671.1 |
       Dungeon |   3622 |   3533 |     89 |    359 |   2514 |   5 |  724.4 |
        Temple |    138 |    114 |     24 |      0 |    106 |   1 |  138.0 |
         Sewer |    937 |    937 |      0 |    556 |     40 |   1 |  937.0 |
               +--------+--------+--------+--------+--------+-----+--------+

Top non-repeatable levels by time:
     D:3: 1220 daAuts
     D:4: 992 daAuts
     D:1: 977 daAuts
   Sewer: 937 daAuts
     D:2: 419 daAuts
  Temple: 138 daAuts
     D:5: 12 daAuts
